TOP OF THE 1ST |
San Francisco Bandits batting - Pitching for Maui Tropics : RHP Ronald Cotton
|
Pitching: RHP Ronald Cotton
|
|
Batting: RHB Javier Ramírez
|
0-0: Foul Ball, location: 2F 0-1: Swinging Strike 0-2: Ball 1-2: Strikes out looking
|
Batting: LHB Jerry Bryan
|
0-0: Ball 1-0: Fly out, F4 (Line Drive, 4)
|
Batting: LHB Mel Jones
|
0-0: Ball 1-0: Called Strike 1-1: Ball 2-1: Ball 3-1: Base on Balls
|
Batting: RHB Michael Elliott
|
0-0: Ball 1-0: Called Strike 1-1: Ball 2-1: Foul Ball, location: 2F 2-2: Ball 3-2: Strikes out swinging
|
Top of the 1st over - 0 run(s), 0 hit(s), 0 error(s), 1 left on base; San Francisco 0 - Maui 0 |
BOTTOM OF THE 1ST |
Maui Tropics batting - Pitching for San Francisco Bandits : RHP Bob Cunningham
|
Pitching: RHP Bob Cunningham
|
|
Batting: LHB Mario Olivares
|
0-0: Ball 1-0: Ball 2-0: Ground out 4-3 (Groundball, 4)
|
Batting: LHB Luis Antonio Torres
|
0-0: Called Strike 0-1: Swinging Strike 0-2: Ground out 4-3 (Groundball, 4)
|
Batting: RHB Jesús Espinoza
|
0-0: Called Strike 0-1: Ball 1-1: Ball 2-1: DOUBLE (Line Drive, 7LM)
|
Batting: RHB Luis Alou
|
0-0: DOUBLE (Line Drive, 78D) Jesús Espinoza scores
|
Batting: RHB José Herrera
|
0-0: Ball 1-0: Ball 2-0: Ground out 6-3 (Groundball, 6)
|
Bottom of the 1st over - 1 run(s), 2 hit(s), 0 error(s), 1 left on base; San Francisco 0 - Maui 1 |
TOP OF THE 2ND |
San Francisco Bandits batting - Pitching for Maui Tropics : RHP Ronald Cotton
|
Batting: RHB Naomichi Aoki
|
0-0: Swinging Strike 0-1: Ball 1-1: Ball 2-1: DOUBLE (Flyball, 89XD)
|
Batting: RHB Ramón Ruíz
|
0-0: Called Strike 0-1: DOUBLE (Line Drive, 89XD) Naomichi Aoki scores
|
Batting: LHB Alberto Gómez
|
0-0: Foul Ball, location: 2F 0-1: Ball 1-1: Foul Ball, location: 2F 1-2: Ball 2-2: Ball 3-2: Base on Balls
|
Batting: RHB Jorge Díaz
|
0-0: Called Strike 0-1: Grounds into double play, 4-6-3 (Groundball, 34) Ramón Ruíz to third
|
Batting: RHB Miguel Mendoza
|
0-0: Foul Ball, location: 2F 0-1: Called Strike 0-2: Foul Ball, location: 2F 0-2: Strikes out looking
|
Top of the 2nd over - 1 run(s), 2 hit(s), 0 error(s), 1 left on base; San Francisco 1 - Maui 1 |
BOTTOM OF THE 2ND |
Maui Tropics batting - Pitching for San Francisco Bandits : RHP Bob Cunningham
|
Batting: LHB Anacleto Morillo
|
0-0: Ball 1-0: Ball 2-0: Ball 3-0: Called Strike 3-1: Swinging Strike 3-2: Foul Ball, location: 2F 3-2: Fly out, F8 (Flyball, 8RM)
|
Batting: RHB Ximena Campos
|
0-0: Ball 1-0: Called Strike 1-1: Fly out, F5 (Popup, 5L)
|
Batting: LHB Mike Pearson
|
0-0: Called Strike 0-1: DOUBLE (Groundball, 3L)
|
Batting: RHB Matt Silver
|
0-0: Ground out 5-3 (Groundball, 56)
|
Bottom of the 2nd over - 0 run(s), 1 hit(s), 0 error(s), 1 left on base; San Francisco 1 - Maui 1 |
TOP OF THE 3RD |
San Francisco Bandits batting - Pitching for Maui Tropics : RHP Ronald Cotton
|
Batting: RHB Javier Ramírez
|
0-0: Ball 1-0: Ground out 3-1 (Groundball, 34S)
|
Batting: LHB Jerry Bryan
|
0-0: SOLO HOME RUN (Flyball, 9D), Distance : 365 ft
|
Batting: LHB Mel Jones
|
0-0: Ball 1-0: SINGLE (Groundball, 4MD)
|
Batting: RHB Michael Elliott
|
0-0: Called Strike 0-1: Foul Ball, location: 2F 0-2: Foul Ball, location: 2F 0-2: Foul Ball, location: 2F 0-2: Foul Ball, location: 2F 0-2: Foul Ball, location: 2F 0-2: Ball 1-2: Strikes out looking
|
Batting: RHB Naomichi Aoki
|
0-0: Ball 1-0: Ball 2-0: SINGLE (Groundball, 4D) Mel Jones to second Runner from 2nd tries for 3rd, SAFE, no throw
|
Batting: RHB Ramón Ruíz
|
0-0: Called Strike 0-1: Ball 1-1: Swinging Strike 1-2: Foul Ball, location: 2F 1-2: Ball 2-2: Strikes out looking
|
Top of the 3rd over - 1 run(s), 3 hit(s), 0 error(s), 2 left on base; San Francisco 2 - Maui 1 |
BOTTOM OF THE 3RD |
Maui Tropics batting - Pitching for San Francisco Bandits : RHP Bob Cunningham
|
Batting: LHB Mario Olivares
|
0-0: Ball 1-0: Called Strike 1-1: Ball 2-1: Foul Ball, location: 2F 2-2: Ball 3-2: Foul Ball, location: 2F 3-2: Foul Ball, location: 2F 3-2: Ground out 6-3 (Groundball, 6)
|
Batting: LHB Luis Antonio Torres
|
0-0: Called Strike 0-1: Fly out, F8 (Flyball, 8LXD)
|
Batting: RHB Jesús Espinoza
|
0-0: Ball 1-0: Foul Ball, location: 2F 1-1: Foul Ball, location: 2F 1-2: DOUBLE (Line Drive, 9LM)
|
Batting: RHB Luis Alou
|
0-0: Swinging Strike 0-1: Ball 1-1: Ball 2-1: Swinging Strike 2-2: Ball 3-2: Strikes out swinging
|
Bottom of the 3rd over - 0 run(s), 1 hit(s), 0 error(s), 1 left on base; San Francisco 2 - Maui 1 |
TOP OF THE 4TH |
San Francisco Bandits batting - Pitching for Maui Tropics : RHP Ronald Cotton
|
Batting: LHB Alberto Gómez
|
0-0: Foul Ball, location: 2F 0-1: Ball 1-1: Ball 2-1: Ball 3-1: Called Strike 3-2: SINGLE (Groundball, 4D)
|
Batting: RHB Jorge Díaz
|
0-0: Swinging Strike 0-1: Ball 1-1: Foul Ball, location: 2F 1-2: Ball 2-2: Strikes out looking Alberto Gómez steals 2nd base Batter strikes out.
|
Batting: RHB Miguel Mendoza
|
0-0: Called Strike 0-1: Fly out, F8 (Line Drive, 8RS)
|
Batting: RHB Javier Ramírez
|
0-0: Swinging Strike 0-1: Ball 1-1: Ball 2-1: Called Strike 2-2: Ball 3-2: Foul Ball, location: 2F 3-2: Foul Ball, location: 2F 3-2: Foul Ball, location: 2F 3-2: Strikes out looking
|
Top of the 4th over - 0 run(s), 1 hit(s), 0 error(s), 1 left on base; San Francisco 2 - Maui 1 |
BOTTOM OF THE 4TH |
Maui Tropics batting - Pitching for San Francisco Bandits : RHP Bob Cunningham
|
Batting: RHB José Herrera
|
0-0: Called Strike 0-1: Ball 1-1: Swinging Strike 1-2: Ball 2-2: Strikes out swinging
|
Batting: LHB Anacleto Morillo
|
0-0: Called Strike 0-1: Ball 1-1: Fly out, F7 (Flyball, 7LS)
|
Batting: RHB Ximena Campos
|
0-0: Ball 1-0: Called Strike 1-1: Fly out, F8 (Flyball, 89M)
|
Bottom of the 4th over - 0 run(s), 0 hit(s), 0 error(s), 0 left on base; San Francisco 2 - Maui 1 |
TOP OF THE 5TH |
San Francisco Bandits batting - Pitching for Maui Tropics : RHP Ronald Cotton
|
Batting: LHB Jerry Bryan
|
0-0: Ball 1-0: Ground out 6-3 (Groundball, 6)
|
Batting: LHB Mel Jones
|
0-0: Foul Ball, location: 2F 0-1: Called Strike 0-2: Strikes out swinging
|
Batting: RHB Michael Elliott
|
0-0: Ball 1-0: Foul Ball, location: 2F 1-1: Ball 2-1: Foul Ball, location: 2F 2-2: Ball 3-2: Fly out, F8 (Line Drive, 8LXD)
|
Top of the 5th over - 0 run(s), 0 hit(s), 0 error(s), 0 left on base; San Francisco 2 - Maui 1 |
BOTTOM OF THE 5TH |
Maui Tropics batting - Pitching for San Francisco Bandits : RHP Bob Cunningham
|
Batting: LHB Mike Pearson
|
0-0: Ball 1-0: Foul Ball, location: 2F 1-1: TRIPLE (Flyball, 9LD)
|
Batting: RHB Matt Silver
|
0-0: Ball 1-0: Called Strike 1-1: Fly out, F7 (Flyball, 7) Runner from 3rd tags up, SCORES, no throw
|
Batting: LHB Mario Olivares
|
0-0: Called Strike 0-1: Foul Ball, location: 2F 0-2: Ball 1-2: SINGLE (Line Drive, 7S)
|
Batting: LHB Luis Antonio Torres
|
0-0: Called Strike Mario Olivares is caught stealing 2nd base 0-1: Ball 1-1: Foul Ball, location: 2F 1-2: Ball 2-2: SINGLE (Line Drive, 4MD)
|
Batting: RHB Jesús Espinoza
|
0-0: Ball 1-0: Fly out, F9 (Flyball, 9LM)
|
Bottom of the 5th over - 1 run(s), 3 hit(s), 0 error(s), 1 left on base; San Francisco 2 - Maui 2 |
TOP OF THE 6TH |
San Francisco Bandits batting - Pitching for Maui Tropics : RHP Ronald Cotton
|
Batting: RHB Naomichi Aoki
|
0-0: Called Strike 0-1: Swinging Strike 0-2: Foul Ball, location: 2F 0-2: Strikes out swinging
|
Batting: RHB Ramón Ruíz
|
0-0: Called Strike 0-1: SINGLE (Groundball, 6D)
|
Batting: LHB Alberto Gómez
|
0-0: Foul Ball, location: 2F 0-1: Foul Ball, location: 2F 0-2: Ball 1-2: Strikes out swinging
|
Batting: RHB Jorge Díaz
|
0-0: Ball 1-0: Called Strike 1-1: SINGLE (Groundball, 6MD) Ramón Ruíz to second
|
Batting: RHB Miguel Mendoza
|
0-0: Ball 1-0: Called Strike 1-1: Called Strike 1-2: Strikes out swinging
|
Top of the 6th over - 0 run(s), 2 hit(s), 0 error(s), 2 left on base; San Francisco 2 - Maui 2 |
BOTTOM OF THE 6TH |
Maui Tropics batting - Pitching for San Francisco Bandits : RHP Bob Cunningham
|
Batting: RHB Luis Alou
|
0-0: Called Strike 0-1: Ground out 5-3 (Groundball, 56)
|
Batting: RHB José Herrera
|
0-0: Ball 1-0: Foul Ball, location: 2F 1-1: Fly out, F7 (Flyball, 7S)
|
Batting: LHB Anacleto Morillo
|
0-0: Ball 1-0: Called Strike 1-1: Called Strike 1-2: Strikes out swinging
|
Bottom of the 6th over - 0 run(s), 0 hit(s), 0 error(s), 0 left on base; San Francisco 2 - Maui 2 |
TOP OF THE 7TH |
San Francisco Bandits batting - Pitching for Maui Tropics : RHP Ronald Cotton
|
Pitching: RHP Yong-taek Yi
|
|
Batting: RHB Javier Ramírez
|
0-0: Ball 1-0: Called Strike 1-1: Ball 2-1: Called Strike 2-2: Ball 3-2: Foul Ball, location: 2F 3-2: Ground out 4-3 (Groundball, 4M)
|
Batting: LHB Jerry Bryan
|
0-0: Called Strike 0-1: Foul Ball, location: 2F 0-2: Ball 1-2: Strikes out swinging
|
Batting: LHB Mel Jones
|
0-0: Ball 1-0: Ball 2-0: Ball 3-0: Called Strike 3-1: Swinging Strike 3-2: Strikes out swinging
|
Top of the 7th over - 0 run(s), 0 hit(s), 0 error(s), 0 left on base; San Francisco 2 - Maui 2 |
BOTTOM OF THE 7TH |
Maui Tropics batting - Pitching for San Francisco Bandits : RHP Bob Cunningham
|
Batting: RHB Ximena Campos
|
0-0: Ball 1-0: Called Strike 1-1: Ball 2-1: Swinging Strike 2-2: Foul Ball, location: 2F 2-2: Foul Ball, location: 2F 2-2: Ground out 6-3 (Groundball, 56)
|
Batting: LHB Mike Pearson
|
0-0: Called Strike 0-1: Ball 1-1: Ball 2-1: SINGLE (Flyball, 8RS)
|
Batting: RHB Matt Silver
|
0-0: Ball Mike Pearson steals 2nd base 1-0: Fly out, F7 (Flyball, 78S)
|
Batting: LHB Mario Olivares
|
0-0: Called Strike 0-1: Ball 1-1: Called Strike 1-2: Strikes out swinging
|
Bottom of the 7th over - 0 run(s), 1 hit(s), 0 error(s), 1 left on base; San Francisco 2 - Maui 2 |
TOP OF THE 8TH |
San Francisco Bandits batting - Pitching for Maui Tropics : RHP Yong-taek Yi
|
Batting: RHB Michael Elliott
|
0-0: Ball 1-0: Ball 2-0: Ball 3-0: Called Strike 3-1: Foul Ball, location: 2F 3-2: Fly out, F8 (Flyball, 8LXD)
|
Batting: RHB Naomichi Aoki
|
0-0: Called Strike 0-1: Swinging Strike 0-2: Ball 1-2: Ball 2-2: Ball 3-2: Ground out 4-3 (Groundball, 4)
|
Batting: RHB Ramón Ruíz
|
0-0: Called Strike 0-1: Ball 1-1: Reached on error, E6 (Groundball, 6)
|
Pitching: RHP Luis De Los Ángeles
|
|
Batting: LHB Alberto Gómez
|
0-0: DOUBLE (Line Drive, 9LD) Ramón Ruíz to third
|
Batting: RHB Jorge Díaz
|
0-0: Ball 1-0: Foul Ball, location: 2F 1-1: SINGLE (Line Drive, 7S) Ramón Ruíz scores Alberto Gómez to third Runner from 3rd tries for Home, SAFE, no throw
|
Batting: RHB Miguel Mendoza
|
0-0: Called Strike 0-1: Ball 1-1: Called Strike 1-2: Ball 2-2: Fly out, F4 (Popup, 34)
|
Top of the 8th over - 2 run(s), 2 hit(s), 1 error(s), 1 left on base; San Francisco 4 - Maui 2 |
BOTTOM OF THE 8TH |
Maui Tropics batting - Pitching for San Francisco Bandits : RHP Bob Cunningham
|
Pitching: RHP Alfonso Martínez
|
|
Now at C: Ángel Hernández
|
|
Batting: LHB Luis Antonio Torres
|
0-0: Ball 1-0: Called Strike 1-1: Swinging Strike 1-2: Foul Ball, location: 2F 1-2: Ground out U3 (Groundball, 34)
|
Batting: RHB Jesús Espinoza
|
0-0: Ball 1-0: Ball 2-0: Ground out 5-3 (Groundball, 5)
|
Batting: RHB Luis Alou
|
0-0: Ball 1-0: Ball 2-0: Foul Ball, location: 2F 2-1: Foul Ball, location: 2F 2-2: Ground out 6-3 (Groundball, 6)
|
Bottom of the 8th over - 0 run(s), 0 hit(s), 0 error(s), 0 left on base; San Francisco 4 - Maui 2 |
TOP OF THE 9TH |
San Francisco Bandits batting - Pitching for Maui Tropics : RHP Luis De Los Ángeles
|
Batting: RHB Javier Ramírez
|
0-0: Ball 1-0: Called Strike 1-1: Ball 2-1: Ball 3-1: SOLO HOME RUN (Flyball, 7D), Distance : 351 ft
|
Pitching: RHP Tony Marrero
|
|
Batting: LHB Jerry Bryan
|
0-0: Ball 1-0: Ball 2-0: Called Strike 2-1: Ball 3-1: Base on Balls
|
Batting: LHB Mel Jones
|
0-0: Foul Ball, location: 2F 0-1: Fly out, F7 (Flyball, 7S)
|
Batting: RHB Michael Elliott
|
0-0: Foul Ball, location: 2F 0-1: Fly out, F7 (Flyball, 78M)
|
Batting: RHB Naomichi Aoki
|
0-0: Called Strike 0-1: Called Strike 0-2: Strikes out looking
|
Top of the 9th over - 1 run(s), 1 hit(s), 0 error(s), 1 left on base; San Francisco 5 - Maui 2 |
BOTTOM OF THE 9TH |
Maui Tropics batting - Pitching for San Francisco Bandits : RHP Alfonso Martínez
|
Pitching: RHP Kunihiko Daikawa
|
|
Batting: RHB José Herrera
|
0-0: SINGLE (Groundball, 6) (infield hit)
|
Batting: LHB Anacleto Morillo
|
0-0: Called Strike 0-1: Ball 1-1: Ball 2-1: Ball 3-1: Foul Ball, location: 2F 3-2: Base on Balls José Herrera to second
|
Batting: RHB Ximena Campos
|
0-0: Fly out, F9 (Flyball, 89M)
|
Batting: LHB Mike Pearson
|
0-0: Ball 1-0: Fly out, F8 (Flyball, 8LD) Runner from 2nd tags up, SAFE at 3rd, no throw
|
Batting: RHB Matt Silver
|
0-0: Ball 1-0: Ball 2-0: Ball 3-0: Called Strike 3-1: Called Strike 3-2: 3-RUN HOME RUN (Flyball, 78XD), Distance : 381 ft
|
Pitching: RHP Carlos Ledezma
|
|
Batting: LHB Mario Olivares
|
0-0: Called Strike 0-1: Ball 1-1: Ball 2-1: Foul Ball, location: 2F 2-2: Ball 3-2: Foul Ball, location: 2F 3-2: Strikes out looking
|
Bottom of the 9th over - 3 run(s), 2 hit(s), 0 error(s), 0 left on base; San Francisco 5 - Maui 5 |
TOP OF THE 10TH |
San Francisco Bandits batting - Pitching for Maui Tropics : RHP Tony Marrero
|
Pitching: LHP Kent Robinson
|
|
Batting: RHB Ramón Ruíz
|
0-0: Called Strike 0-1: Swinging Strike 0-2: Foul Ball, location: 2F 0-2: Ball 1-2: Strikes out looking
|
Batting: LHB Alberto Gómez
|
0-0: Called Strike 0-1: Foul Ball, location: 2F 0-2: Ball 1-2: Ball 2-2: Strikes out swinging
|
Batting: RHB Jorge Díaz
|
0-0: SINGLE (Line Drive, 4)
|
Batting: RHB Ángel Hernández
|
0-0: Called Strike 0-1: Ball 1-1: Fielders Choice at 2nd, 5-4 (Groundball, 5)
|
Top of the 10th over - 0 run(s), 1 hit(s), 0 error(s), 0 left on base; San Francisco 5 - Maui 5 |
BOTTOM OF THE 10TH |
Maui Tropics batting - Pitching for San Francisco Bandits : RHP Carlos Ledezma
|
Batting: LHB Luis Antonio Torres
|
0-0: Ball 1-0: Ball 2-0: Fly out, F7 (Flyball, 7D)
|
Batting: RHB Jesús Espinoza
|
0-0: Called Strike 0-1: Ground out 6-3 (Groundball, 6)
|
Batting: RHB Luis Alou
|
0-0: Ball 1-0: Ground out 5-3 (Groundball, 56)
|
Bottom of the 10th over - 0 run(s), 0 hit(s), 0 error(s), 0 left on base; San Francisco 5 - Maui 5 |
TOP OF THE 11TH |
San Francisco Bandits batting - Pitching for Maui Tropics : LHP Kent Robinson
|
Batting: RHB Javier Ramírez
|
0-0: Ball 1-0: Called Strike 1-1: Called Strike 1-2: Fly out, F4 (Popup, 4S)
|
Batting: LHB Jerry Bryan
|
0-0: Ball 1-0: SINGLE (Groundball, 5D)
|
Batting: LHB Mel Jones
|
0-0: Called Strike 0-1: SINGLE (Groundball, 34D) Jerry Bryan to second
|
Batting: RHB Michael Elliott
|
0-0: Ball 1-0: Ball 2-0: Called Strike 2-1: Fly out, F8 (Flyball, 8RD) Runner from 2nd tags up, SAFE at 3rd, no throw
|
Batting: RHB Naomichi Aoki
|
0-0: Ball 1-0: Called Strike 1-1: Called Strike 1-2: Ball 2-2: Foul Ball, location: 2F 2-2: Ball 3-2: Strikes out swinging
|
Top of the 11th over - 0 run(s), 2 hit(s), 0 error(s), 2 left on base; San Francisco 5 - Maui 5 |
BOTTOM OF THE 11TH |
Maui Tropics batting - Pitching for San Francisco Bandits : RHP Carlos Ledezma
|
Batting: RHB José Herrera
|
0-0: Ground out 1-3 (Groundball, 13S)
|
Batting: LHB Anacleto Morillo
|
0-0: Called Strike 0-1: Ball 1-1: Ball 2-1: Foul Ball, location: 2F 2-2: Strikes out swinging
|
Batting: RHB Ximena Campos
|
0-0: Foul Ball, location: 2F 0-1: Ball 1-1: Foul Ball, location: 2F 1-2: Ball 2-2: Ball 3-2: Ground out 5-3 (Groundball, 56)
|
Bottom of the 11th over - 0 run(s), 0 hit(s), 0 error(s), 0 left on base; San Francisco 5 - Maui 5 |
TOP OF THE 12TH |
San Francisco Bandits batting - Pitching for Maui Tropics : LHP Kent Robinson
|
Pitching: RHP Todd Howell
|
|
Batting: RHB Ramón Ruíz
|
0-0: DOUBLE (Line Drive, 8LD)
|
Pinch Runner at 2nd Jack Hewat:
|
|
Batting: LHB Alberto Gómez
|
0-0: Swinging Strike 0-1: Ball 1-1: Called Strike 1-2: Ball 2-2: Strikes out swinging
|
Batting: RHB Jorge Díaz
|
0-0: Intentional Walk
|
Batting: RHB Ángel Hernández
|
0-0: Called Strike 0-1: Called Strike 0-2: Foul Ball, location: 2F 0-2: Ball 1-2: Foul Ball, location: 2F 1-2: Strikes out swinging
|
Batting: RHB Javier Ramírez
|
0-0: Called Strike 0-1: Swinging Strike 0-2: Foul Ball, location: 2F 0-2: Strikes out swinging
|
Top of the 12th over - 0 run(s), 1 hit(s), 0 error(s), 2 left on base; San Francisco 5 - Maui 5 |
BOTTOM OF THE 12TH |
Maui Tropics batting - Pitching for San Francisco Bandits : RHP Carlos Ledezma
|
Batting: LHB Mike Pearson
|
0-0: Ball 1-0: Called Strike 1-1: Called Strike 1-2: Strikes out swinging
|
Batting: RHB Matt Silver
|
0-0: Ball 1-0: Fly out, F7 (Flyball, 7LD)
|
Batting: LHB Mario Olivares
|
0-0: SINGLE (Groundball, 34D)
|
Batting: LHB Luis Antonio Torres
|
0-0: Ball 1-0: Called Strike 1-1: Called Strike 1-2: Ball 2-2: Ball 3-2: Ground out U3 (Groundball, 3)
|
Bottom of the 12th over - 0 run(s), 1 hit(s), 0 error(s), 1 left on base; San Francisco 5 - Maui 5 |
TOP OF THE 13TH |
San Francisco Bandits batting - Pitching for Maui Tropics : RHP Todd Howell
|
Batting: LHB Jerry Bryan
|
0-0: Ball 1-0: Ball 2-0: Ground out 3-1 (Groundball, 34)
|
Batting: LHB Mel Jones
|
0-0: Foul Ball, location: 2F 0-1: Ball 1-1: Ball 2-1: Fly out, F7 (Flyball, 78M)
|
Batting: RHB Michael Elliott
|
0-0: SINGLE (Popup, 5D)
|
Batting: RHB Naomichi Aoki
|
0-0: Ball 1-0: Called Strike 1-1: Ball 2-1: DOUBLE (Groundball, 5L) Michael Elliott to third
|
Batting: LHB Jack Hewat
|
0-0: Called Strike 0-1: Called Strike 0-2: Ball 1-2: Ball 2-2: Ball 3-2: Base on Balls
|
Batting: LHB Alberto Gómez
|
0-0: SINGLE (Line Drive, 78S) Michael Elliott scores Naomichi Aoki to third Jack Hewat to second Runner from 3rd tries for Home, SAFE, throw made at trailing runner, OUT at third!
|
Top of the 13th over - 2 run(s), 3 hit(s), 0 error(s), 1 left on base; San Francisco 7 - Maui 5 |
BOTTOM OF THE 13TH |
Maui Tropics batting - Pitching for San Francisco Bandits : RHP Carlos Ledezma
|
Batting: RHB Jesús Espinoza
|
0-0: Ball 1-0: Called Strike 1-1: Ground out 1-3 (Groundball, 13S)
|
Batting: RHB Luis Alou
|
0-0: Ball 1-0: Fly out, F4 (Line Drive, 4)
|
Batting: RHB José Herrera
|
0-0: Ball 1-0: SOLO HOME RUN (Flyball, 7LD), Distance : 345 ft
|
Batting: LHB Anacleto Morillo
|
0-0: Ball 1-0: Called Strike 1-1: Ball 2-1: Ball 3-1: Swinging Strike 3-2: Foul Ball, location: 2F 3-2: Ground out 4-3 (Groundball, 34)
|
Bottom of the 13th over - 1 run(s), 1 hit(s), 0 error(s), 0 left on base; San Francisco 7 - Maui 6 |
|